Map: Junção Kairos LE

Players

Vicster - Winner!

  • Race: Terran Terran
  • League: Gold
  • Spawn Location: 5:00

pumba

  • Race: Protoss Protoss
  • League: Gold
  • Spawn Location: 11:00

VOD

Have the link to the VOD?

Description

Time

  • Played on: Jan. 5, 2019, 1:47 p.m.
  • Length: 17:26
Show
View Real Time Build Order
Export as new Build Order

Vicster Terran - Winner!

Build Orders:  

Get SALT Encoding   

  12  0:01  SCV  
  13  0:13  SCV  
  14  0:26  SCV  
  15  0:30  Supply Depot  
  15  0:39  Refinery  
  15  0:49  Refinery  
  15  0:51  SCV  
  15  0:53  Barracks  
  16  1:03  SCV  
  17  1:15  SCV  
  17  1:16  Supply Depot  
  18  1:27  SCV  
  19  1:39  SCV  
  20  1:46  Barracks Tech Lab  
  20  1:50  Factory  
  20  1:54  Orbital Command  
  20  2:04  Marine  
  21  2:14  Barracks  
  21  2:19  Barracks, SCV  
  22  2:27  Stimpack  
  22  2:30  Marine  
  23  2:44  Factory Tech Lab  
  23  2:45  SCV  
  24  2:51  Marine  
  24  2:55  Supply Depot  
  24  2:57  SCV  
  26  3:01  Barracks Reactor  
  26  3:06  Barracks Reactor  
  26  3:09  SCV  
  26  3:10  Cyclone  
  26  3:12  Marine  
  31  3:24  SCV  
  31  3:26  Supply Depot  
  32  3:30  Marine  
  33  3:36  SCV  
  33  3:39  Marine x2  
  36  3:42  Marine  
  36  3:48  Marine, SCV, Cyclone  
  38  3:55  Supply Depot  
  42  3:58  Marine  
  42  4:00  SCV  
  44  4:06  Marine  
  45  4:12  SCV  
  46  4:23  Marine  
  47  4:24  SCV  
  47  4:28  Combat Shield  
  48  4:37  SCV  
  49  4:41  Supply Depot  
  49  4:42  Command Center  
  49  4:49  SCV  
  46  5:01  SCV  
  47  5:13  SCV  
  48  5:16  Marine x2  
  48  5:17  Marine x3  
  48  5:20  Bunker, Cyclone  
  56  5:25  SCV  
  57  5:29  Supply Depot  
  57  5:34  Marine x2  
  59  5:37  SCV  
  59  5:41  Marauder  
  59  5:42  Marine  
  63  5:51  Marine, SCV  
  63  5:55  Refinery  
  65  6:03  SCV  
  66  6:05  Orbital Command  
  66  6:15  SCV  
  67  6:26  Supply Depot  
  67  6:27  SCV  
  67  6:28  Engineering Bay  
  68  6:33  SCV  
  68  6:35  Marine  
  68  6:36  Marine x4  
  68  6:38  Siege Tank  
  68  6:39  SCV  
  78  6:44  Starport  
  78  6:45  SCV  
  79  6:50  Barracks  
  79  6:51  SCV  
  79  6:53  Marine x2, Barracks, Supply Depot  
  79  6:54  Terran Infantry Weapons Level 1  
  82  7:01  Engineering Bay  
  82  7:02  SCV  
  82  7:04  SCV  
  84  7:09  Refinery  
  84  7:15  SCV  
  85  7:16  SCV  
  85  7:19  Marine  
  85  7:20  Marine x2  
  85  7:21  Marauder  
  91  7:23  Siege Tank  
  91  7:25  Starport Reactor  
  91  7:27  SCV  
  91  7:28  SCV  
  91  7:29  Missile Turret  
  96  7:31  Terran Infantry Armor Level 1  
  96  7:33  Missile Turret  
  96  7:39  SCV  
  73  8:30  Marine x5  
  73  8:32  Medivac  
  73  8:34  Factory Tech Lab  
  80  8:35  Barracks Tech Lab  
  80  8:36  Barracks Tech Lab  
  80  8:48  Marine x5  
  85  8:57  Missile Turret  
  85  9:01  Missile Turret  
  85  9:02  Missile Turret  
  85  9:05  Marine  
  85  9:07  Armory  
  86  9:14  Missile Turret  
  86  9:15  Missile Turret  
  86  9:18  Missile Turret  
  86  9:20  Marine x4  
  86  9:23  Marine  
  91  9:28  Medivac  
  91  9:29  Medivac  
  95  9:38  Marine x4  
  96  9:41  Marine  
  100  9:50  SCV x2  
  102  9:54  Terran Vehicle Weapons Level 1  
  102  10:11  Supply Depot  
  102  10:12  Supply Depot  
  102  10:33  SCV x2, Medivac  
  102  10:34  Marine  
  102  10:35  Marine x6  
  110  10:39  Medivac  
  110  10:41  Command Center  
  115  10:45  SCV  
  115  10:46  Terran Infantry Weapons Level 2  
  116  10:51  Marine  
  116  10:52  Marine, Terran Infantry Armor Level 2  
  118  10:58  Ghost Academy  
  118  11:48  Supply Depot  
  118  11:51  Supply Depot x2  
  118  11:52  Marine x6, Medivac x2  
  118  11:53  Reaper, SCV x2  
  131  11:54  Supply Depot  
  131  11:55  Refinery  
  131  12:05  SCV x2  
  128  12:09  Thor  
  128  12:10  Marine  
  123  12:17  SCV x2  
  123  12:18  Supply Depot  
  124  12:29  SCV  
  105  13:04  Marine  
  105  13:05  Marine x3  
  106  13:06  Marine x3  
  106  13:09  Siege Tank  
  106  13:10  Viking x2  
  119  13:22  Marine  
  119  13:23  Marine x2, Refinery, Orbital Command  
  119  13:25  Refinery, Command Center  
  122  13:32  Sensor Tower  
  122  13:36  SCV x2  
  122  13:40  Viking x2  
  128  13:48  SCV x2  
  130  13:50  Personal Cloaking  
  130  13:58  Refinery  
  130  14:00  SCV x2  
  132  14:06  Sensor Tower  
  122  14:40  Marine x5  
  122  14:41  Marine x2  
  122  14:44  Siege Tank  
  111  14:58  Marine x3  
  96  15:12  Marine x4  
  100  15:15  Viking x2  
  100  15:16  Marine x3, Thor  
  100  15:18  Command Center  
  113  15:29  Marine  
  113  15:30  Marine x3  
  113  15:33  Marine x2  
  113  15:34  Marine  
  120  15:45  Viking, Medivac  
  120  15:47  Marine  
  120  15:48  Marine x2  
  120  15:49  Marauder  
  129  15:51  Marine  
  130  15:58  Thor  
  134  16:07  Marauder x2  
  135  16:15  Viking, Medivac  
  136  16:32  Sensor Tower  
  131  16:42  Siege Tank  
  131  16:45  Viking, Medivac  
  137  16:53  Marine  
  137  16:54  Marine x6  
Show
View Real Time Build Order
Export as new Build Order

pumba Protoss 

Build Orders:  

Get SALT Encoding   

  1  0:00  Probe  
  12  0:05  Probe  
  14  0:18  Pylon  
  14  0:27  Probe  
  15  0:37  Gateway  
  15  0:41  Probe  
  16  0:47  Assimilator  
  16  1:00  Probe  
  17  1:08  Probe  
  18  1:18  Probe  
  19  1:34  Cybernetics Core  
  19  1:36  Gateway  
  19  1:40  Assimilator  
  19  1:41  Probe  
  19  1:43  Zealot  
  22  1:53  Probe  
  23  2:14  Pylon  
  23  2:17  Twilight Council  
  23  2:32  Probe  
  24  2:44  Probe, Stalker x2  
  29  2:51  Pylon  
  29  2:53  Gateway  
  29  2:55  Charge  
  29  3:00  Warp Gate  
  29  3:03  Forge  
  29  3:12  Pylon  
  29  3:33  Sentry  
  30  3:37  Protoss Ground Armor Level 1  
  30  3:47  Shield Battery  
  30  3:54  Zealot x2  
  34  4:12  Robotics Facility  
  34  4:24  Dark Shrine  
  34  4:33  Zealot x2  
  34  4:34  Zealot  
  40  4:47  Gateway  
  40  4:49  Gateway  
  40  5:17  Observer  
  40  5:18  Pylon  
  41  5:25  Photon Cannon  
  41  5:28  Photon Cannon, Zealot  
  43  5:38  Warp Prism  
  45  6:15  Nexus  
  45  6:16  Probe  
  45  6:18  Pylon  
  46  6:37  Robotics Bay  
  46  6:51  Zealot x2  
  50  6:54  Pylon  
  50  7:04  Probe  
  51  7:12  Probe  
  51  7:20  Probe  
  53  7:40  Dark Templar  
  53  7:41  Dark Templar x4  
  59  8:15  Dark Templar x3  
  59  8:17  Probe x2  
  67  8:25  Shield Battery  
  61  8:29  Probe  
  61  8:30  Probe  
  61  8:35  Shield Battery  
  61  8:44  Assimilator  
  61  8:46  Assimilator  
  61  9:08  Colossus  
  59  9:12  Extended Thermal Lance  
  59  9:14  Zealot  
  59  9:15  Zealot x4  
  75  9:44  Probe x2  
  77  9:56  Probe x2, Blink  
  77  9:58  Zealot x3  
  85  10:09  Observer  
  86  10:21  Pylon  
  86  10:24  Pylon  
  86  10:27  Gateway  
  86  10:29  Colossus, Gateway  
  92  10:59  Sentry x2  
  92  11:03  Dark Templar x2  
  100  11:37  Dark Templar  
  102  11:47  Pylon  
  102  11:51  Pylon  
  102  11:55  Pylon  
  102  11:58  Pylon  
  102  12:05  Observer  
  101  12:22  Stalker x3  
  103  12:23  Stalker x4  
  89  13:06  Colossus  
  89  13:10  Pylon x2  
  95  13:13  Pylon  
  95  13:26  Nexus  
  95  13:29  Pylon  
  95  13:34  Stargate  
  95  13:35  Stargate  
  95  13:37  Stargate  
  95  13:40  Dark Templar x2  
  95  13:41  Dark Templar  
  101  13:43  Zealot x2  
  101  13:44  Zealot x2  
  109  14:09  Observer  
  110  14:19  Protoss Ground Armor Level 2  
  110  14:34  Void Ray x2  
  45  15:09  Stalker x3  
  45  15:10  Stalker x4  
  59  15:15  Probe x2  
  59  15:20  Probe  
  62  15:27  Probe x2  
  64  15:32  Probe  
  64  15:33  Photon Cannon  
  65  15:39  Probe x2, Assimilator  
  65  15:41  Assimilator  
  67  15:57  Warp Prism  
  69  16:09  Dark Templar x4  
  55  16:36  Zealot x2  
  55  16:37  Zealot  
  40  16:57  Zealot x3  
  40  16:58  Zealot x4  
Tags
 
Add a new tag
Caveats
  • Supply blocks, unpowered buildings, or Contaminate may cause inaccurate times.
  • Supply counts are checked every 10 seconds.